 Dungeon Crawl Stone Soup version 0.28-a0-957-g42eb19b844 (webtiles) character file.

Game seed: 12719483076494079428

287 kae the Unweaver (level 6, -4/48 HPs)
             Began as a Demonspawn Abyssal Knight on Nov 30, 2021.
             Was a Follower of Lugonu.
             Blown up by Ijyb (21 damage)
             ... with a mindburst bolt
             ... on level 4 of the Dungeon.
             The game lasted 00:01:56 (2872 turns).

kae the Unweaver (Demonspawn Abyssal Knight)        Turns: 2872, Time: 00:01:57

Health: -4/48      AC:  7    Str: 16    XL:     6   Next: 8%
Magic:  9/9        EV: 10    Int: 21    God:    Lugonu [*.....]
Gold:   682        SH:  0    Dex: 13    Spells: 5/5 levels left

rFire   . . .      SeeInvis .   a - +1 mace
rCold   . . .      Faith    .   (no shield)
rNeg    . . .      Spirit   .   k - +0 ring mail
rPois   .          Reflect  .   d - +0 helmet
rElec   .          Harm     .   p - +0 cloak
rCorr   .          Rampage  .   (no gloves)
Will    .....                   (no boots)
Stlth   +.........              (no amulet)
HPRegen 0.16/turn               c - ring of flight
MPRegen 0.11/turn               g - +6 ring of intelligence

@: flying
A: demonic guardian 1, big brain 2, weakness stinger 2
a: Renounce Religion, Depart the Abyss


You were on level 4 of the Dungeon.
You worshipped Lugonu.
Lugonu was aware of your devotion.
You visited 1 branch of the dungeon, and saw 4 of its levels.
You visited the Abyss 1 time.

You collected 682 gold pieces.

Inventory:

Hand Weapons
 a - a +1 mace (weapon)
Armour
 d - a +0 helmet (worn)
 k - a +0 ring mail (worn)
 p - a +0 cloak (worn)
Jewellery
 c - a ring of flight (left hand)
 g - a +6 ring of intelligence (right hand)
 h - a ring of wizardry
Scrolls
 b - a scroll of blinking {unknown}
Potions
 m - a potion of might


   Skills:
 + Level 4.2 Fighting
 * Level 4.3 Maces & Flails
 - Level 1.7 Armour
 - Level 0.8 Dodging
 + Level 4.6 Invocations


You had 5 spell levels left.
You didn't know any spells.
Your spell library contained the following spells:

 Spells                   Type           Power      Damage    Failure   Level
 Summon Small Mammal      Summ           0%         N/A       32%         1
 Call Canine Familiar     Summ           0%         N/A       69%         3
 Dazzling Flash           Conj/Hex       0%         N/A       69%         3
 Summon Guardian Golem    Hex/Summ       0%         N/A       69%         3
 Iskenderun's Mystic Bla  Conj/Tloc      0%         2d3       97%         4
 Leda's Liquefaction      Hex/Erth       0%         N/A       97%         4
 Lee's Rapid Deconstruct  Erth           0%         3d5*      100%        5
 Starburst                Conj/Fire      0%         6d3       100%        6
 Statue Form              Tmut/Erth      0%         N/A       100%        6


Dungeon Overview and Level Annotations

Branches:
Dungeon (4/15)
 Temple: D:4-7

Altars:

Annotations:
D:4 Ijyb


Innate Abilities, Weirdness & Mutations

A weak demonic guardian rushes to your aid.
You have an extremely huge brain. (Int +4)
You have a tail ending in a sharp stinger.


Message History

You thump the orc!
You kill the orc!
Lugonu accepts your kill.
The orc throws a stone.
The stone hits you.
Found a short sword.
The orc barely misses you.
Items here: )) ?? [ †.
You hit the orc.
The orc is almost dead.
The orc hits you with a +3 flail of protection.
You hit the orc.
You kill the orc!
Lugonu accepts your kill.
No target in view!
b - a scroll labelled PERRUL VICKEOSK
Items here: )) ? [ †.
No target in view!
No target in view!
Items here: ( ) [ †.
Found a stone staircase leading down.
Ijyb the Twisted Goblin comes into view.
She is wielding a +0 club and carrying a wand of mindburst (11).
Ijyb shouts!
Ijyb is nearby!
Ijyb is nearby!
Ijyb is nearby!
You start waiting.
Ijyb is nearby!
Ijyb zaps a wand.
Your mind is blasted!
You thump Ijyb!
Ijyb is moderately wounded.
Ijyb zaps a wand.
Your mind is blasted!
A demonic guardian appears!
You are too injured to fight recklessly!
You are too injured to fight recklessly!
You are too injured to fight recklessly!
You are too injured to fight recklessly!
You are too injured to fight recklessly!
You are too injured to fight recklessly!
You hit Ijyb but do no damage.
Your tail-slap misses Ijyb.
Ijyb is moderately wounded.
Ijyb zaps a wand.
Your mind is blasted!
Ijyb zaps a wand.
Your mind is blasted!
You die...

.#.##...##
.........####
.#.#........# ..
#.#......# . .
#.##..#..# ..#
#) ##....# .g.
#.####.#.# . ..
#.>......#
....#.######@###
#.......5.g#
....#..####### .
..... #####. #.
.. ##


You could see Ijyb (ally target) and a friendly iron imp (summoned).

Vanquished Creatures
  4 adders
  A worm (D:3)
  3 dart slugs
  4 orcs (D:4)
  3 endoplasms
  2 giant cockroaches
  5 hobgoblins
  2 kobolds
  A quokka (D:1)
  2 ball pythons
  2 bats
  9 frilled lizards
  A goblin (D:4)
39 creatures vanquished.

Vanquished Creatures (collateral kills)
  Grinder (D:4)
  A goblin (D:4)
2 creatures vanquished.

Vanquished Creatures (others)
  An adder (D:2)
1 creature vanquished.

Grand Total: 42 creatures vanquished

Notes
Turn   | Place    | Note
-------+----------+-------------------------------------------
     0 | Abyss:1  | kae the Demonspawn Abyssal Knight began the quest for the
                  | Orb.
     0 | Abyss:1  | Reached XP level 1. HP: 18/18 MP: 2/2
   153 | D:1      | Escaped the Abyss
   184 | D:1      | Found a faded altar of an unknown god.
   569 | D:1      | Gained mutation: You have a small tail. [demonic ancestry]
   569 | D:1      | Reached XP level 2. HP: 24/24 MP: 4/4
  1177 | D:2      | Gained mutation: A weak demonic guardian rushes to your
                  | aid. [demonic ancestry]
  1177 | D:2      | Reached XP level 3. HP: 29/29 MP: 5/5
  2341 | D:4      | Noticed a scorpion
  2386 | D:4      | Gained mutation: You have an unusually large brain. (Int
                  | +2) [demonic ancestry]
  2386 | D:4      | Reached XP level 4. HP: 34/35 MP: 6/6
  2407 | D:4      | Identified a scroll of acquirement
  2407 | D:4      | Acquired 553 gold pieces
  2435 | D:4      | Noticed Grinder
  2446 | D:4      | Paralysed by Grinder for 3 turns
  2465 | D:4      | Reached ** piety under Lugonu
  2475 | D:4      | Killed Grinder
  2476 | D:4      | Gained mutation: You have a tail ending in a sharp stinger.
                  | [demonic ancestry]
  2476 | D:4      | Reached XP level 5. HP: 13/42 MP: 6/8
  2476 | D:4      | Gained mutation: You have an extremely huge brain. (Int +4)
                  | [demonic ancestry]
  2476 | D:4      | Reached XP level 6. HP: 15/48 MP: 6/9
  2859 | D:4      | Noticed Ijyb
  2872 | D:4      | Blown up by Ijyb

Illustrated notes

Levels and vault maps discovered:
D:1:      minmay_arrival_wavy_path, layout_rooms,
          hellmonk_ecumenical_altar_lost_god, minmay_crystal_room,
          minmay_lizard_pond
D:2:      layout_rooms, lemuel_old_faithful
D:3:      layout_loops_ring, corexii_leaking_fountain, moated_statue,
          hangedman_decor_push
D:4:      layout_loops_corners, minmay_temple_entry_large_hall,
          minmay_misc_feat_pillars, uniq_ijyb, uniq_grinder

Skill      XL: |  1  2  3  4 |
---------------+-------------+-----
Maces & Flails | 2 3 4 |  4.3
Invocations    | 3 4 |  4.6
Fighting       | 4 |  4.2
Armour         | |  1.7
Dodging        | |  0.8

Action                   |  1- 3 |  4- 6 || total
-------------------------+-------+-------++-------
Melee: Mace              |    89 |    40 ||   129
       Tailslap          |     7 |     2 ||     9
  Use: Scroll            |       |     6 ||     6
       Potion            |       |     4 ||     4
Armor: Leather armour    |    11 |       ||    11
       Ring mail         |    28 |     2 ||    30
       Skin              |       |    36 ||    36
Dodge: Dodged            |    51 |    11 ||    62

Table legend: (Time is in decaauts)
 A = Elapsed time spent in this place.
 B = Non-inter-level travel time spent in this place.
 C = Inter-level travel time spent in this place.
 D = Time resting spent in this place.
 E = Time spent auto-exploring this place.
 F = Levels seen in this place.
 G = Mean time per level.
                   A        B        C        D        E       F      G
               +--------+--------+--------+--------+--------+-----+--------+
         Total |   2906 |   2666 |    240 |    308 |   1921 |   5 |  581.2 |
       Dungeon |   2753 |   2513 |    240 |    208 |   1874 |   4 |  688.2 |
         Abyss |    153 |    153 |      0 |    100 |     47 |   1 |  153.0 |
               +--------+--------+--------+--------+--------+-----+--------+

Top non-repeatable levels by time:
     D:1: 849 daAuts
     D:2: 707 daAuts
     D:3: 672 daAuts
     D:4: 524 daAuts
 Abyss:1: 153 daAuts
